Map: Alcyone LE

Players

Oliveira - Winner!

  • Race: Terran Terran
  • Spawn Location: 1:00

SKillous

  • Race: Protoss Protoss
  • League: Grandmaster
  • Spawn Location: 7:00

Event: Bellum Gens Elite Stara Zagora 2024

VOD

Have the link to the VOD?

Description

Time

  • Played on: Sept. 6, 2024, 8:22 a.m.
  • Length: 8:42

All games in this series

Show
View Real Time Build Order
Export as new Build Order

Oliveira Terran - Winner!

Build Orders: Cyclone Opening 

Get SALT Encoding   

  12  0:00  SCV  
  13  0:12  SCV  
  14  0:17  Supply Depot  
  14  0:24  SCV  
  15  0:38  SCV  
  15  0:39  Barracks  
  16  0:44  Refinery  
  16  0:51  SCV  
  16  0:53  Refinery  
  17  1:03  SCV  
  18  1:15  SCV  
  19  1:27  Orbital Command, Reaper  
  19  1:28  Supply Depot  
  20  1:41  Factory  
  20  1:52  SCV  
  21  1:59  Reaper  
  22  2:05  SCV  
  23  2:17  SCV  
  23  2:21  Command Center  
  24  2:28  Cyclone  
  26  2:30  SCV  
  26  2:34  Barracks Reactor  
  27  2:42  SCV  
  28  2:46  Starport  
  28  2:55  Supply Depot, SCV  
  28  3:00  Factory Tech Lab  
  28  3:07  SCV  
  28  3:10  Marine x2  
  31  3:19  SCV  
  32  3:27  Cloaking Field, Factory Tech Lab  
  32  3:28  Banshee  
  32  3:33  Orbital Command  
  32  3:34  Marine x2  
  37  3:43  SCV  
  38  3:49  Siege Tank  
  38  3:52  Marine x2  
  43  3:55  SCV  
  43  4:00  SCV  
  45  4:07  SCV  
  45  4:08  Supply Depot  
  45  4:09  Marine  
  45  4:10  Banshee  
  45  4:12  SCV  
  45  4:13  Marine  
  51  4:19  Bunker  
  51  4:20  SCV  
  52  4:25  SCV  
  52  4:31  Siege Tank  
  56  4:32  Marine x2  
  56  4:33  Supply Depot  
  56  4:34  SCV  
  56  4:37  Barracks  
  59  4:39  SCV  
  59  4:45  Barracks  
  59  4:47  SCV  
  59  4:51  Supply Depot, SCV  
  61  4:53  Marine  
  61  4:54  Marine  
  63  5:05  SCV  
  63  5:06  Siege Tank  
  66  5:10  SCV  
  66  5:15  Engineering Bay  
  66  5:17  Refinery  
  66  5:18  Marine x2  
  66  5:20  SCV  
  69  5:22  SCV  
  69  5:26  Supply Depot  
  70  5:31  Supply Depot, Marine, Stimpack  
  70  5:32  SCV  
  70  5:33  Barracks Tech Lab  
  70  5:34  SCV  
  73  5:39  Marine  
  73  5:40  Marine  
  75  5:43  Starport Reactor  
  75  5:44  SCV, Widow Mine  
  75  5:47  Terran Infantry Weapons Level 1, SCV  
  75  5:48  Refinery  
  79  5:53  Marauder  
  81  5:58  Marine x2  
  81  6:00  Marauder  
  81  6:01  SCV  
  81  6:03  SCV  
  87  6:05  Supply Depot  
  87  6:06  Supply Depot  
  89  6:15  Supply Depot, Marauder  
  91  6:20  Marine x2  
  93  6:27  Marauder, Medivac x2  
  93  6:30  Combat Shield  
  97  6:37  Marine, Marauder  
  97  6:38  Marine  
  101  6:44  Supply Depot  
  101  6:47  Siege Tank  
  101  6:49  Marauder  
  106  6:55  Marine x2  
  106  6:58  Marauder  
  108  7:10  Marauder  
  108  7:11  Medivac  
  108  7:13  Marine  
  110  7:19  Marauder  
  111  7:26  Marine  
  105  7:31  Marine  
  105  7:32  Marauder  
  105  7:40  Marine  
  105  7:42  Medivac  
  106  7:44  Marine  
  106  7:47  SCV  
  106  7:49  Marine  
  108  7:53  Marauder  
  109  8:01  Marine  
  109  8:02  Marine  
  109  8:05  Medivac  
  109  8:14  Marauder  
  109  8:15  Marine  
  109  8:19  Marauder  
  94  8:20  Marine  
  89  8:29  SCV x2  
Show
View Real Time Build Order
Export as new Build Order

SKillous Protoss 

Build Orders: 1 Gate Expand, Blink Stalkers 

Get SALT Encoding   

  12  0:00  Probe  
  13  0:12  Probe  
  14  0:18  Pylon  
  14  0:24  Probe (Chrono Boost)  
  15  0:36  Gateway  
  15  0:37  Probe (Chrono Boost)  
  16  0:45  Probe (Chrono Boost)  
  16  0:46  Assimilator  
  17  0:51  Probe  
  18  1:03  Probe  
  19  1:15  Probe  
  20  1:23  Cybernetics Core  
  20  1:27  Probe  
  21  1:34  Nexus  
  21  1:41  Pylon  
  21  1:44  Probe  
  22  1:49  Assimilator  
  22  1:56  Probe  
  22  1:57  Adept (Chrono Boost)  
  25  2:01  Warp Gate  
  25  2:08  Probe  
  26  2:17  Adept (Chrono Boost)  
  26  2:20  Probe  
  29  2:32  Twilight Council, Probe  
  30  2:45  Stalker  
  30  2:47  Probe (Chrono Boost)  
  30  2:49  Probe (Chrono Boost)  
  36  2:58  Probe (Chrono Boost)  
  36  3:00  Probe (Chrono Boost)  
  36  3:03  Probe (Chrono Boost)  
  37  3:06  Blink (Chrono Boost)  
  37  3:08  Probe  
  37  3:09  Gateway  
  38  3:15  Probe  
  39  3:20  Probe  
  39  3:21  Robotics Facility  
  39  3:26  Pylon  
  40  3:27  Probe  
  40  3:33  Probe  
  42  3:39  Probe  
  42  3:40  Gateway  
  41  3:46  Probe  
  42  3:50  Stalker  
  42  3:52  Pylon, Probe  
  45  3:58  Probe  
  46  4:04  Probe  
  46  4:07  Stalker  
  46  4:09  Assimilator, Warp Prism (Chrono Boost)  
  49  4:10  Probe  
  52  4:21  Stalker  
  52  4:22  Pylon  
  52  4:23  Probe  
  55  4:28  Shield Battery  
  55  4:34  Stalker x2  
  59  4:42  Observer  
  60  4:48  Nexus  
  60  4:53  Probe, Pylon  
  60  4:56  Probe  
  62  5:01  Observer  
  62  5:09  Probe  
  63  5:14  Probe  
  63  5:15  Shield Battery  
  63  5:18  Stalker x3  
  63  5:20  Observer (Chrono Boost)  
  70  5:21  Probe  
  70  5:26  Probe  
  72  5:29  Pylon  
  72  5:33  Probe  
  73  5:36  Charge  
  73  5:38  Forge, Observer, Probe  
  75  5:45  Probe  
  76  5:50  Probe  
  73  6:01  Probe x2  
  73  6:02  Stalker x3  
  81  6:04  Probe  
  81  6:08  Observer  
  81  6:09  Protoss Ground Weapons Level 1 (Chrono Boost)  
  82  6:12  Pylon  
  82  6:14  Probe x2 (Chrono Boost)  
  82  6:19  Probe (Chrono Boost)  
  82  6:26  Probe (Chrono Boost)  
  82  6:32  Probe (Chrono Boost)  
  84  6:34  Probe x2 (Chrono Boost)  
  84  6:38  Gateway, Probe (Chrono Boost)  
  84  6:39  Gateway  
  86  6:41  Gateway x2  
  86  6:43  Gateway  
  86  6:45  Gateway  
  88  6:52  Sentry x2  
  88  6:55  Shield Battery  
  88  6:57  Photon Cannon  
  88  7:03  Sentry  
  88  7:05  Shield Battery  
  88  7:07  Gateway  
  88  7:19  Zealot, Sentry  
  90  7:26  Immortal (Chrono Boost)  
  81  7:31  Observer  
  81  7:34  Shield Battery, Zealot x4  
  81  7:35  Shield Battery  
  89  7:42  Zealot x5  
  95  7:47  Pylon  
  81  7:54  Pylon x2  
  81  8:05  Zealot x2  
  83  8:13  Zealot x5  
  83  8:14  Zealot  
  29  8:27  Zealot x2  
Tags
 
Add a new tag
Caveats
  • Supply blocks, unpowered buildings, or Contaminate may cause inaccurate times.
  • Supply counts are checked every 10 seconds.